 Dungeon Crawl Stone Soup version 0.30.1 (webtiles) character file.

Game seed: 17589450349375365999

42 Bnni the Chopper (level 3, -1/49 HPs)
             Began as a Hill Orc Monk on July 7, 2023.
             Succumbed to Terence's poison
             ... on level 2 of the Dungeon.
             The game lasted 00:01:44 (1648 turns).

Bnni the Chopper (Hill Orc Monk)                    Turns: 1648, Time: 00:01:44

Health: -1/49      AC:  4    Str: 15    XL:     3   Next: 56%
Magic:  3/3        EV: 12    Int: 10    God:
Gold:   72         SH:  0    Dex: 13    Spells: 2/2 levels left

rFire   . . .        a - +0 hand axe
rCold   . . .        d - orb {light}
rNeg    . . .        e - +0 leather armour
rPois   .            (no helmet)
rElec   .            (no cloak)
rCorr   .            k - +0 pair of gloves
SInv    .            (no boots)
Will    .....        (no amulet) Stlth
                     (no ring)
HPRegen 0.28/turn    (no ring)
MPRegen 0.08/turn

%: no passive effects
@: berserking, lethally poisoned (-1 -> -18), glowing, very quick
A: no striking features
a: no special abilities


You were on level 2 of the Dungeon.
You visited 1 branch of the dungeon, and saw 2 of its levels.

You collected 72 gold pieces.

Inventory:

Hand Weapons
 a - a +0 hand axe (weapon)
Missiles
 n - 3 poisoned darts (quivered)
Armour
 d - an orb of light (worn)
 e - a +0 leather armour (worn)
 k - a +0 pair of gloves (worn)
Scrolls
 h - a scroll of teleportation {unknown}
 i - 4 scrolls of identify {unknown}
 l - a scroll of noise {unknown}
 m - a scroll of fog {unknown}
Potions
 b - a potion of attraction {unknown}
 c - a potion of ambrosia
 f - 2 potions of curing {unknown}
 g - 2 potions of berserk rage
 j - a potion of lignification {unknown}


   Skills:
 + Level 4.2 Fighting
 * Level 5.4 Axes
 - Level 2.4 Dodging


You had 2 spell levels left.
You didn't know any spells.
Your spell library was empty.

Dungeon Overview and Level Annotations

Branches:
Dungeon (2/15)

Altars:
Wu Jian

Shops:
D:1 (


Message History

The hobgoblin shouts!
You hit the giant cockroach.
You kill the giant cockroach!
A dart slug comes into view.
You barely miss Terence.
Terence is lightly wounded.
Terence hits you with a +5 falchion of venom!
You are poisoned.
Terence hits you with a +5 falchion of venom.
You are more poisoned.
You hit Terence but do no damage.
Terence is lightly wounded.
You feel very sick.
Terence hits you with a +5 falchion of venom!
* * * LOW HITPOINT WARNING * * *
Unknown command.
It was a potion of berserk rage.
A red film seems to cover your vision as you go berserk!
You feel yourself moving faster!
You feel mighty!
* * * LOW HITPOINT WARNING * * *
You feel very sick. Terence closely misses you.
You barely miss Terence.
Terence is moderately wounded.
* * * LOW HITPOINT WARNING * * *
You feel sick.
You slash Terence!
Terence is severely wounded.
* * * LOW HITPOINT WARNING * * *
You feel sick.
A hobgoblin comes into view.
Terence hits you with a +5 falchion of venom.
* * * LOW HITPOINT WARNING * * *
You are more poisoned.
The hobgoblin shouts!
You slash Terence!
You kill Terence!
You hit the hobgoblin.
You kill the hobgoblin!
You die...

.##..#.....#.######.##
###........#.# #.## #
##.........# ...#
##########.### #...#
.......# #.# #...#
...###.# #.# #####...##.
.†.###.###.###..........
.....#.##...............
...#.#.##..###..@)..(((.
...#.#.#...# ###.#w...#g
.......#...### #.# ...#
####<#.......# #.# ..#
.# #.........# #.# .#
.#####.......# #.# ..
...#####...### #>. #
...........# ###
...#########


You could see a dart slug and a hobgoblin.

Vanquished Creatures
  Terence (D:2)
  An adder (D:2)
  A dart slug (D:1)
  4 endoplasms (D:1)
  A giant cockroach (D:2)
  3 goblins (D:1)
  6 hobgoblins
  A quokka (D:1)
  A ball python (D:2)
  6 bats
  5 kobolds
  2 rats (D:1)
32 creatures vanquished.

Notes
Turn   | Place    | Note
-------+----------+-------------------------------------------
     0 | D:1      | Bnni the Hill Orc Monk began the quest for the Orb.
     0 | D:1      | Reached XP level 1. HP: 19/19 MP: 1/1
    12 | D:1      | Found Cykk's Antique Weapon Emporium.
   263 | D:1      | Reached XP level 2. HP: 26/27 MP: 2/2
   618 | D:1      | Reached skill level 5 in Axes
   648 | D:1      | Reached XP level 3. HP: 30/33 MP: 3/3
  1325 | D:2      | Found an ornate altar of the Wu Jian Council.
  1637 | D:2      | Noticed Terence
  1647 | D:2      | HP: 2/49 [Terence/+5 falchion of venom (4)]
  1648 | D:2      | Killed Terence
  1648 | D:2      | Succumbed to Terence's poison

Illustrated notes

Levels and vault maps discovered:
D:1:      tarquinn_simple_flora_water_d, layout_basic, serial_shops, shop,
          chequers_serial_rivers_micro_a, amcnicky_mini_pool_small,
          minmay_misc_feat_columns
D:2:      layout_loops_cross, basic_altar, serial_bayou_pond_e, uniq_terence

Skill      XL: |  1  2 |
---------------+-------+-----
Fighting       | 4 |  4.2
Axes           | 5 |  5.4
Dodging        | |  2.4

Action                     || total
---------------------------++-------
  Melee: Hand axe          ||    97
  Throw: Dart              ||     3
    Use: Potion            ||     1
 Armour: Leather armour    ||    22
  Dodge: Dodged            ||    52
